 Dungeon Crawl Stone Soup version 0.28.0 (webtiles) character file.

Game seed: 16449987383196505730

1249 Descartes the Covered (level 8, 0/53 (56) HPs)
             Began as a Formicid Warper on Feb 10, 2022.
             Slain by an orc (2 damage)
             ... on level 5 of the Dungeon.
             The game lasted 00:09:06 (7227 turns).

Descartes the Covered (Formicid Warper)             Turns: 7227, Time: 00:09:06

HP:   0/53 (56)     AC:  7    Str: 18    XL:     8   Next: 80%
MP:   11/11         EV: 12    Int: 13    God:
Gold: 123           SH:  0    Dex: 10    Spells: 6/11 levels left

rFire   . . .      SeeInvis +   w - +2 club (spect)
rCold   + . .      Faith    .   (no shield)
rNeg    . . .      Spirit   .   x - +2 robe {rC+}
rPois   .          Reflect  .   (helmet unavailable)
rElec   .          Harm     .   (no cloak)
rCorr   .          Rampage  .   m - +0 pair of gloves
Will    .....                   u - +0 pair of boots
Stlth   +.........              (no amulet)
HPRegen 0.17/turn               A - ring of flight
MPRegen 0.12/turn               (no ring)

@: flying, drained
A: permanent stasis, dig shafts and tunnels, antennae 3, four strong arms
a: Dig, Shaft Self


You were on level 5 of the Dungeon.
You visited 1 branch of the dungeon, and saw 5 of its levels.

You collected 123 gold pieces.

Inventory:

Hand Weapons
 a - a +0 hand axe
 w - a +2 spectral club (weapon)
 C - a +2 flail of protection
Missiles
 c - 5 boomerangs of dispersal (quivered)
 d - 99 stones
 j - 85 arrows
 n - 7 poisoned darts
 o - 54 bolts
 q - 47 sling bullets
Armour
 m - a +0 pair of gloves (worn)
 u - a +0 pair of boots (worn)
 x - a +2 robe of cold resistance (worn)
 y - a +0 chain mail
Jewellery
 s - a ring of ice
 A - a ring of flight (left hand)
 E - the amulet "Vakas" {rF+ Regen+ SInv}
   (You found it on level 5 of the Dungeon)

   [amulet of regeneration]

   rF:        It protects you from fire.
   SInv:      It lets you see invisible.
   Regen:     It increases your rate of health regeneration.
Wands
 F - a wand of acid (8)
 H - a wand of iceblast (1)
Scrolls
 b - a scroll of holy word {unknown}
 f - a scroll of immolation {unknown}
 g - a scroll of amnesia {unknown}
 i - 6 scrolls of identify {unknown}
 k - a scroll of noise {unknown}
 p - 3 scrolls of teleportation {unknown}
 r - a scroll of fear {unknown}
 t - 2 scrolls of vulnerability {unknown}
 G - a scroll of enchant armour {unknown}
 I - a scroll of torment {unknown}
Potions
 e - a potion of mutation {unknown}
 h - 3 potions of heal wounds {unknown}
 l - 2 potions of curing
 v - 4 potions of lignification {unknown}
 z - a potion of ambrosia {unknown}
 B - a potion of brilliance {unknown}
 D - a potion of might {unknown}


   Skills:
 - Level 2.1 Fighting
 - Level 3.2(4.3) Axes
 - Level 4.4(5.0) Maces & Flails
 - Level 1.0 Throwing
 + Level 6.4 Armour
 - Level 1.7 Dodging
 - Level 2.1 Spellcasting
 + Level 6.1 Translocations


You had 6 spell levels left.
You knew the following spells:

 Your Spells              Type           Power      Damage    Failure   Level
a - Manifold Assault      Tloc           17%        N/A       50%         5

Your spell library contained the following spells:

 Spells                   Type           Power      Damage    Failure   Level
 Apportation              Tloc           34%        N/A       1%          1
 Gell's Gravitas          Tloc           17%        N/A       6%          3
 Lesser Beckoning         Tloc           17%        N/A       6%          3
 Teleport Other           Tloc           17%        N/A       6%          3
 Static Discharge         Conj/Air       1%         N/A       36%         2
 Dispel Undead            Necr           1%         3d6       94%         4
 Sticky Flame             Conj/Fire      1%         2d3       94%         4
 Alistair's Intoxication  Tmut/Pois      0%         N/A       100%        5
 Borgnjor's Vile Clutch   Necr/Erth      0%         N/A       100%        5
 Eringya's Noxious Bog    Tmut/Pois      0%         N/A       100%        6
 Blink                    Tloc           Unusable   N/A       N/A         2

Dungeon Overview and Level Annotations

Branches:
Dungeon (5/15)
 Temple: D:4-7

Altars:
Nemelex Xobeh

Shops:
D:2 ?   D:5 *


Innate Abilities, Weirdness & Mutations

You cannot be hasted, slowed, berserked, paralysed or teleported.
You can dig through walls and to a lower floor.
You have a pair of large antennae on your head. (SInv)
Your four strong arms can wield two-handed weapons with a shield.


Message History

The orc misses your +2 spectral club.
The orc wizard hits your +2 spectral club with a +0 dagger.
You hit the orc wizard.
The orc wizard is heavily wounded.
Your +2 spectral club hits the orc wizard.
The orc wizard hits you with a +0 dagger.
The orc hits you with a +0 flail.
You hit the orc priest.
The orc priest is moderately wounded.
The orc wizard closely misses you.
The orc priest hits you with a +2 short sword of draining.
You feel drained. The orc hits you with a +0 flail!
The orc wizard barely misses your +2 spectral club.
You barely miss the orc priest.
The orc priest is moderately wounded.
The orc wizard closely misses you.
The orc priest calls down the wrath of Beogh upon you.
Beogh smites you!
The orc wizard barely misses your +2 spectral club.
The orc hits you with a +0 flail.
You hit the orc priest.
The orc priest is heavily wounded.
The orc wizard points at you and mumbles some strange words.
The magic dart hits you.
* * * LOW HITPOINT WARNING * * *
The orc priest hits you with a +2 short sword of draining.
* * * LOW HITPOINT WARNING * * *
You feel drained.
* * * LOW HITPOINT WARNING * * *
The orc misses you.
You barely miss the orc priest.
The orc priest is heavily wounded.
Your +2 spectral club closely misses the orc priest.
The orc wizard hits you with a +0 dagger.
* * * LOW HITPOINT WARNING * * *
The orc priest invokes the aid of Beogh against you.
Pain shoots through your body!
* * * LOW HITPOINT WARNING * * *
The orc hits you with a +0 flail.
You die...

#..................
##..|.....######....
#.............##.... {
#.............##....
+.............'.....
#.............##....
#.....####....##....
#.....# #######....
#..@o.# #.... #.ooo.#
#.... #...(## #....
#....# ###### ###..
#....# #....# #..
#....# #....# #..
#....# #....######..
###########....'..#....
#........##....##.#....


You could see an orc priest, 2 orc wizards, an orc and a friendly +2 spectral
club (summoned).

Vanquished Creatures
  Grinder (D:4)
  Menkaure (D:4)
  Edmund (D:4)
  A sky beast (D:5)
  A black bear (D:4)
  A necrophage (D:5)
  An ogre (D:5)
  A scorpion (D:5)
  A bullfrog zombie (D:5)
  3 hounds
  A bullfrog skeleton (D:4)
  3 iguanas
  Jessica (D:3)
  Robin (D:4)
  5 adders
  A worm (D:2)
  A dart slug (D:2)
  4 orcs (D:5)
  5 ball pythons
  4 bats
  11 endoplasms
  4 giant cockroaches
  16 goblins
  9 hobgoblins
  6 jackals (D:2)
  5 quokkas
  A frilled lizard (D:1)
  3 kobolds
  6 rats
99 creatures vanquished.

Vanquished Creatures (others)
  2 fungi (D:1)
2 creatures vanquished.

Grand Total: 101 creatures vanquished

Notes
Turn   | Place    | Note
-------+----------+-------------------------------------------
     0 | D:1      | Descartes the Formicid Warper began the quest for the Orb.
     0 | D:1      | Reached XP level 1. HP: 16/16 MP: 3/3
   416 | D:1      | Reached XP level 2. HP: 19/22 MP: 5/5
   898 | D:1      | Found a faded altar of an unknown god.
  1322 | D:1      | Reached XP level 3. HP: 27/27 MP: 6/6
  2179 | D:2      | Found Miotuer's Magic Scroll Emporium.
  2288 | D:2      | Reached XP level 4. HP: 31/33 MP: 7/7
  2416 | D:2      | Found a sparkling altar of Nemelex Xobeh.
  3517 | D:3      | Noticed Jessica
  3529 | D:3      | Killed Jessica
  3530 | D:3      | Reached XP level 5. HP: 21/38 MP: 8/8
  4125 | D:4      | Learned a level 5 spell: Manifold Assault
  4152 | D:4      | Reached skill level 1 in Maces & Flails
  4370 | D:4      | Noticed Menkaure
  4378 | D:4      | Killed Menkaure
  4379 | D:4      | Reached XP level 6. HP: 4/44 MP: 9/9
  4821 | D:4      | Noticed Grinder
  4832 | D:4      | Killed Grinder
  4833 | D:4      | Reached XP level 7. HP: 37/50 MP: 10/10
  4954 | D:4      | Noticed Robin
  5393 | D:4      | Killed Robin
  5569 | D:4      | Noticed Edmund
  5576 | D:4      | Killed Edmund
  5577 | D:4      | Reached skill level 5 in Armour
  5577 | D:4      | Reached skill level 5 in Translocations
  5577 | D:4      | Reached XP level 8. HP: 47/56 MP: 11/11
  5667 | D:4      | Identified the +0 helmet of a Thousand Thickets {Int-4
                  | Dex+5}
  5930 | D:5      | Entered Level 5 of the Dungeon
  7035 | D:5      | Identified the amulet "Vakas" {rF+ Regen+ SInv}
  7119 | D:5      | Found Most's Fire Supplies.
  7227 | D:5      | HP: 2/53 [orc priest/nerve-wracking pain (8)]
  7227 | D:5      | Slain by an orc

Illustrated notes

Levels and vault maps discovered:
D:1:      dpeg_arrival_prison, layout_basic,
          dreamdust_ecumenical_altar_angels_and_demons
D:2:      layout_loops_ring, serial_aquarium, aquarium_bridge_straight
          [aquarium_subvault_bridge, aquarium_subvault_wall,
          aquarium_subvault_bridge, aquarium_subvault_wall],
          aquarium_bridge_long_joined [aquarium_subvault_wall,
          aquarium_subvault_window, aquarium_subvault_bridge,
          aquarium_subvault_wall, aquarium_subvault_bridge,
          aquarium_subvault_bridge], aquarium_window_fake, aquarium_window_fake,
          aquarium_view_2g, aquarium_balcony_5b, aquarium_pool_corner,
          serial_shops, shop_statue, basic_altar, minmay_tripent
D:3:      layout_loops_corners, uniq_jessica
D:4:      layout_gridville, uniq_robin, uniq_grinder, uniq_menkaure, uniq_edmund
D:5:      layout_basic, nicolae_shop_fire_sale [nicolae_sub_dead_trees]

Skill      XL: |  1  2  3  4  5  6  7  8 |
---------------+-------------------------+-----
Translocations | 3 4 5 6 |  6.1
Armour         | 2 3 4 5 6 |  6.4
Axes           | 3 |  3.2
Maces & Flails | 2 3 4 |  4.4
Fighting       | |  2.1
Throwing       | |  1.0
Dodging        | |  1.7
Spellcasting   | |  2.1

Action                   |  1- 3 |  4- 6 |  7- 9 || total
-------------------------+-------+-------+-------++-------
Melee: Hand axe          |   114 |    69 |       ||   183
       Punch             |     2 |     2 |     1 ||     5
       Club              |       |    49 |   128 ||   177
 Stab: Sleeping          |     1 |       |       ||     1
Armor: Leather armour    |    24 |    11 |       ||    35
       Robe              |       |    18 |    47 ||    65
Dodge: Dodged            |    70 |    68 |    76 ||   214
